 Dungeon Crawl Stone Soup version 0.27-a0-401-gea03ee85fd (webtiles) character file.

Game seed: 7400629879846912657

49 Anon1729 the Skirmisher (level 3, 0/29 HPs)
             Began as a Mummy Chaos Knight on Feb 21, 2021.
             Was a Plaything of Xom.
             Slain by a quasit (1 damage)
             ... summoned by Xom
             ... on level 1 of the Dungeon.
             The game lasted 00:03:00 (1343 turns).

Anon1729 the Skirmisher (Mummy Chaos Knight)        Turns: 1343, Time: 00:03:00

Health: 0/29       AC:  5    Str: 16      XL:     3   Next: 51%
Magic:  3/3        EV: 11    Int: 11      God:    Xom [.....*]
Gold:   69         SH:  0    Dex:  8 (11) Spells: 2/2 levels left

rFire    x . .     SeeInvis .   a - +1 mace (chaos)
rCold    + . .     Faith    .   (no shield)
rNeg     + + +     Spirit   .   b - +2 leather armour
rPois    ∞         Reflect  .   (no helmet)
rElec    .         Harm     .   (no cloak)
rCorr    .         Rampage  .   (no gloves)
Will     .....                  (no boots)
Stlth    +.........             (no amulet)
HPRegen  0.09/turn              (no ring)
MPRegen  0.08/turn              (no ring)

@: no status effects
A: no potions, fire vulnerability, cold resistance 1, negative energy resistance
3, torment resistance, unbreathing
a: Renounce Religion


You were on level 1 of the Dungeon.
You worshipped Xom.
You were Xom's teddy bear.
You visited 1 branch of the dungeon, and saw 1 of its levels.

You collected 69 gold pieces.

Inventory:

Hand Weapons
 a - a +1 mace of chaos (weapon)
Armour
 b - a +2 leather armour (worn)
Scrolls
 c - a scroll of teleportation {unknown}
 d - 3 scrolls of identify {unknown}
 e - a scroll of magic mapping {unknown}
 f - 3 scrolls of enchant weapon
 g - a scroll of fear {unknown}


   Skills:
 + Level 3.5 Fighting
 * Level 3.0 Maces & Flails
 + Level 2.0 Armour
 + Level 1.1 Dodging


You had 2 spell levels left.
You didn't know any spells.
Your spell library was empty.

Dungeon Overview and Level Annotations

Branches:
Dungeon (1/15)

Altars:


Innate Abilities, Weirdness & Mutations

You do not drink.
Your flesh is vulnerable to fire.
You are immune to poison.
Your flesh is cold resistant. (rC+)
You are immune to negative energy. (rN+++)
You are immune to unholy pain and torment.
You can survive without breathing.


Message History

The quasit claws you.
* * * LOW HITPOINT WARNING * * *
The quasit claws you but does no damage.
The shadow imp closely misses you.
Unknown command.
You closely miss the shadow imp.
The shadow imp is moderately wounded.
The quasit barely misses you.
The quasit claws you but does no damage.
The quasit barely misses you. The shadow imp closely misses you.
The quasit bites you but does no damage.
The quasit claws you but does no damage.
The quasit closely misses you.
Unknown command.
Unknown command.
You miss the shadow imp.
The shadow imp is moderately wounded.
The shadow imp barely misses you.
The quasit bites you but does no damage.
The quasit claws you.
* * * LOW HITPOINT WARNING * * *
The quasit barely misses you. The shadow imp barely misses you.
Unknown command.
Unknown command.
You can't drink.
Unknown command.
As you read the scroll labelled ENUL ONLARPH, it crumbles to dust.
It is a scroll of enchant weapon.
Your +0 mace of chaos glows red for a moment.
The quasit barely misses you. The quasit claws you.
* * * LOW HITPOINT WARNING * * *
You feel clumsy. The quasit closely misses you.
The shadow imp barely misses you. The quasit barely misses you.
The quasit misses you. The quasit barely misses you.
You miss the shadow imp.
The shadow imp is moderately wounded.
The quasit bites you.
You die... "It was about time."

######### #.......#
#.#####.#
##################.#
#.#
......†.........>..#
#.#
#########.##########
##.###
#######.###.###5##
#..(.#
...##..#.#÷#.#.#@#
#..##.#
##..#..#.#.#.#.#5#
#.. #.#
..#...###.###.###.#
#.## #.# ..#.###
###.##############.#
..#..#
#..#.###...#.......#
..##.##
#..#...#.#.#.#######
####..#
#....#.#.#...#
##.###'####...#####
#####..#...# #####


You could see a quasit (summoned) and a shadow imp (summoned, agile).

Vanquished Creatures
  A gnoll (D:1)
  2 oozes (D:1)
  2 dart slugs (D:1)
  A bat (D:1)
  A giant cockroach (D:1)
  5 goblins (D:1)
  6 hobgoblins (D:1)
  2 kobolds (D:1)
  3 frilled lizards (D:1)
  2 rats (D:1)
25 creatures vanquished.

Notes
Turn   | Place    | Note
-------+----------+-------------------------------------------
     0 | D:1      | Anon1729 the Mummy Chaos Knight began the quest for the
                  | Orb.
     0 | D:1      | Reached XP level 1. HP: 18/18 MP: 1/1
    37 | D:1      | XOM: silly message
   420 | D:1      | Reached XP level 2. HP: 16/24 MP: 2/2
   942 | D:1      | Reached XP level 3. HP: 24/29 MP: 3/3
  1032 | D:1      | XOM: 1-stop teleportation journey
  1042 | D:1      | XOM: enchant monster (bad)
  1060 | D:1      | Reached skill level 1 in Dodging
  1210 | D:1      | XOM: confusion (+ monsters)
  1328 | D:1      | XOM: summons 2 hostile demons
  1332 | D:1      | XOM: god gift: knobbly glowing staff {god gift}
  1342 | D:1      | HP: 1/29 [quasit[Xom] (1)]
  1343 | D:1      | Slain by a quasit

Illustrated notes

Levels and vault maps discovered:
D:1:      minmay_arrival_widening_spiral_narrow, layout_basic,
          grunt_decor_resistance, serial_bayou_ford_a

Skill      XL: |  1  2  3 |
---------------+----------+-----
Dodging        | 1 |  1.1
Armour         | 2 |  2.0
Maces & Flails | 3 |  3.0
Fighting       | |  3.5

Action                   || total
-------------------------++-------
Melee: Mace              ||    97
  Use: Scroll            ||     1
Armor: Leather armour    ||    66
Dodge: Dodged            ||    86

Table legend: (Time is in decaauts)
 A = Elapsed time spent in this place.
 B = Non-inter-level travel time spent in this place.
 C = Inter-level travel time spent in this place.
 D = Time resting spent in this place.
 E = Time spent auto-exploring this place.
 F = Levels seen in this place.
 G = Mean time per level.
                   A        B        C        D        E       F      G
               +--------+--------+--------+--------+--------+-----+--------+
         Total |   1384 |   1384 |      0 |    163 |    987 |   1 | 1384.0 |
       Dungeon |   1384 |   1384 |      0 |    163 |    987 |   1 | 1384.0 |
               +--------+--------+--------+--------+--------+-----+--------+

Top non-repeatable levels by time:
     D:1: 1384 daAuts
